 Dungeon Crawl Stone Soup version 0.29.1-12-g30fa7ad0bf (webtiles) character file.

Game seed: 14147492178913395324

15678 FexLirch the Thaumaturge (level 12, -6/86 HPs)
             Began as a Djinni Conjurer on Dec 23, 2022.
             Was an Elder of Makhleb.
             Mangled by a vampire mosquito (7 damage)
             ... on level 12 of the Dungeon.
             The game lasted 00:46:52 (13072 turns).

FexLirch the Thaumaturge (Djinni Conjurer)         Turns: 13072, Time: 00:46:53

Health: -6/86      AC:  4    Str: 12    XL:     12   Next: 60%
Gold:   325        EV: 17    Int: 25    God:    Makhleb [****..] SH:  0 Dex: 16

rFire   + + .      SeeInvis +   E - staff of air
rCold   . . .      Faith    .   (no shield)
rNeg    . . .      Spirit   .   u - +2 robe {Archmagi}
rPois   ∞          Reflect  .   a - +0 hat
rElec   +          Harm     .   (no cloak)
rCorr   .          Rampage  .   (no gloves)
Will    +....      Archmagi +   (boots unavailable)
Stlth   ++........              (no amulet)
HPRegen 0.24/turn               d - ring of see invisible
MPRegen 0.00/turn               F - ring "Zuidd" {rElec rC+ Str+6 Dex+4}

@: about to teleport, flying
A: sickness immunity, fire resistance 2, cold vulnerability 1, float, innate
caster, HP casting, extra vitality 1
a: Renounce Religion, Minor Destruction, Lesser Servant of Makhleb, Major
Destruction


You were on level 12 of the Dungeon.
You worshipped Makhleb.
Makhleb was greatly pleased with you.
You visited 2 branches of the dungeon, and saw 13 of its levels.
You also visited: Ossuary.

You collected 747 gold pieces.
You spent 422 gold pieces at shops.

Inventory:

Hand Weapons
 n - a +1 whip of freezing
Armour
 a - a +0 hat (worn)
 u - a +2 robe of the Archmagi (worn)
Magical Staves
 E - a staff of air (weapon)
Jewellery
 d - a ring of see invisible (left hand)
 h - a ring of willpower
 q - a ring of resist corrosion
 s - a +6 ring of dexterity
 z - a +4 ring of protection
 F - the ring "Zuidd" (right hand) {rElec rC+ Str+6 Dex+4}
   (You found it on level 8 of the Dungeon)

   [ring of strength]

   Str:       It affects your strength (+6).
   Dex:       It affects your dexterity (+4).
   rC:        It protects you from cold.
   rElec:     It insulates you from electricity.
 J - a ring of wizardry
Wands
 y - a wand of paralysis (4)
 C - a wand of flame (57)
 I - a wand of iceblast (8)
Scrolls
 e - 6 scrolls of teleportation
 f - 3 scrolls of noise {unknown}
 i - 3 scrolls of silence
 m - 5 scrolls of magic mapping
 p - 2 scrolls of vulnerability
 r - 2 scrolls of fear
 w - 3 scrolls of enchant weapon
 x - 4 scrolls of enchant armour
 H - 3 scrolls of identify
Potions
 b - 4 potions of might
 c - 2 potions of brilliance
 g - 4 potions of cancellation
 j - 10 potions of curing
 k - 5 potions of heal wounds
 l - 3 potions of flight {unknown}
 o - 5 potions of lignification
 t - 2 potions of attraction
 v - a potion of haste {unknown}
 A - 3 potions of mutation
 D - a potion of invisibility
 G - 2 potions of ambrosia
Miscellaneous
 B - a box of beasts


   Skills:
 + Level 7.8 Fighting
 + Level 9.0 Dodging
 - Level 1.5 Stealth
 * Level 13.0 Spellcasting


You had 9 spell levels left.
You knew the following spells:

 Your Spells              Type           Power      Damage    Failure   Level
a - Magic Dart            Conj           100%       1d8       1%          1
b - Searing Ray           Conj           100%       2d8       1%          2
c - Dazzling Flash        Conj/Hex       100%       N/A       1%          3
d - Fulminant Prism       Conj/Hex       44%        3d20      1%          4
e - Iskenderun's Mystic   Conj/Tloc      89%        2d17      1%          4
f - Sandblast             Erth           100%       2d20      1%          1
g - Call Imp              Summ           89%        N/A       1%          2
h - Call Canine Familiar  Summ           89%        N/A       1%          3
i - Airstrike             Air            55%        2d(8-24)  1%          4
j - Summon Lightning Spi  Summ/Air       100%       N/A       1%          4
Your spell library was empty.

Dungeon Overview and Level Annotations

Branches:
Dungeon (12/15)            Temple (1/1) D:5            Lair (0/5) D:11
Ossuary (visited)
    Orc: D:9-12

Altars:
Ashenzari
Dithmenos
Elyvilon
Fedhas
Gozag
Makhleb
Nemelex Xobeh
Trog
Uskayaw
Wu Jian
Xom
Yredelemnul

Shops:
D:5 *   D:7 (!   D:8 ![

Portals:
Trove: D:11 (give +3 fire dragon scales)


Innate Abilities, Weirdness & Mutations

You are immune to sickness and miasma.
You are immune to poison.
Your flesh is very heat resistant. (rF++)
You are vulnerable to cold. (rC-)
You float through the air rather than walking.
You learn spells naturally, not from books.
Your magical power is your life essence.
You have superior vitality. (+4 MHP)


Message History

Your warg dies!
Your warg's corpse disappears in a puff of smoke!
Casting: Call Canine Familiar (safe; 1% risk of failure)
Confirm with . or Enter, or press ? or * to list all spells.
You feel a surge of power!
The vampire mosquito closely misses you. x2
The vampire mosquito bites you! The vampire mosquito misses you.
The vampire mosquito bites you.
The vampire mosquito attacks as you move away!
The vampire mosquito bites you!
* * * LOW HITPOINT WARNING * * *
The vampire mosquito misses you.
Your warg barely misses the vampire mosquito.
You can't see any enemies this would affect, really read the scroll of fear?
Okay, then.
Unknown command.
Unknown command.
As you read the scroll of teleportation, it crumbles to dust.
You feel strangely unstable. The vampire mosquito bites you!
* * * LOW HITPOINT WARNING * * *
The vampire mosquito bites you but does no damage.
The vampire mosquito misses you. The vampire mosquito bites you.
* * * LOW HITPOINT WARNING * * *
The vampire mosquito misses you.
Casting: Call Canine Familiar (safe; 1% risk of failure)
Confirm with . or Enter, or press ? or * to list all spells.
Aiming: Magic Dart (safe; 1% risk of failure)
Press: ? - help, Shift-Dir - straight line, f - vampire mosquito
Aim: a vampire mosquito (100% to hit)
You feel a surge of power!
The magic dart hits the vampire mosquito.
The vampire mosquito is lightly damaged.
* * * LOW HITPOINT WARNING * * *
Your warg closely misses the vampire mosquito.
The vampire mosquito bites you!
* * * LOW HITPOINT WARNING * * *
The vampire mosquito barely misses you.
The vampire mosquito completely misses you.
Your warg bites the vampire mosquito!
The vampire mosquito bites you!
You die...

########
#...y..#
#y####.#
###.####.#
#.....##.#
.....#.#.##.#
#####...y.y@#
#....hyy#
#.......#
#.##.#..# #.
#.#.!# #.
.....#
####.## #.#
..#


You could see 4 vampire mosquitoes and a friendly warg (summoned).

Vanquished Creatures
  A cyclops (D:11)
  Maurice (D:10)
  Psyche (D:9)
  A komodo dragon (D:11)
  5 slime creatures (D:12)
  A hornet (D:11)
  2 vampires
  3 shadows
  23 yaks
  A wyvern (D:8)
  4 steam dragons
  6 vampire mosquitoes
  4 orc warriors
  A black bear (D:6)
  An ogre (D:6)
  3 centaurs
  A phantom (D:6)
  Blork the orc (D:4)
  3 kobold brigands
  4 bullfrogs
  2 necrophages (D:6)
  A water moccasin zombie (Ossuary)
  10 wights
  5 killer bees (D:10)
  An electric eel (D:7)
  2 howler monkeys
  2 hounds
  3 orc priests
  A jelly (D:3)
  An iguana (D:6)
  5 orc wizards
  Natasha (thrice) (D:3)
  8 gnolls
  12 adders
  2 shadow imps
  2 white imps
  An ufetubus (D:6)
  An adder zombie (Ossuary)
  A worm (D:2)
  A dart slug (D:1)
  27 orcs
  6 bats
  14 endoplasms
  5 giant cockroaches
  A gnoll zombie (Ossuary)
  6 goblins
  5 hobgoblins
  4 jackals (D:2)
  18 kobolds
  3 quokkas
  9 ball pythons
  3 frilled lizards
  9 rats
  A fulminant prism (D:8)
242 creatures vanquished.

Vanquished Creatures (collateral kills)
  Snorg (D:10)
  An ugly thing (D:12)
  5 slime creatures (D:12)
  4 yaks
  A steam dragon (D:5)
  An orc warrior (D:12)
  4 black bears
  An ice beast (D:6)
  A phantom (D:6)
  A bullfrog (D:7)
  A necrophage (D:4)
  A scorpion (D:7)
  4 water moccasin zombies (Ossuary)
  2 wights (D:8)
  3 howler monkeys
  A jelly (D:5)
  2 orc priests
  A hound (D:4)
  2 iguanas
  2 mummies (Ossuary)
  An adder (D:5)
  4 adder zombies (Ossuary)
  9 orcs
  3 ball pythons (D:4)
  An endoplasm (D:4)
  2 gnoll zombies (Ossuary)
  A goblin (D:4)
  A kobold (D:4)
  5 hobgoblin zombies (Ossuary)
  4 kobold zombies (Ossuary)
  2 orc zombies (Ossuary)
72 creatures vanquished.

Vanquished Creatures (others)
  35 fulminant prisms
  2 plants (D:4)
37 creatures vanquished.

Grand Total: 351 creatures vanquished

Notes
Turn   | Place    | Note
-------+----------+-------------------------------------------
     0 | D:1      | FexLirch the Djinni Conjurer began the quest for the Orb.
     0 | D:1      | FexLirch set off with the following spells memorised: Magic
                  | Dart, Searing Ray, Dazzling Flash, Fulminant Prism,
                  | Iskenderun's Mystic Blast.
     0 | D:1      | Reached XP level 1. HP: 15/15 MP: 0/0
   192 | D:1      | Reached XP level 2. HP: 13/21 MP: 0/0
   723 | D:1      | Found a faded altar of an unknown god.
   962 | D:1      | Reached XP level 3. HP: 18/25 MP: 0/0
   962 | D:1      | Learned a level 1 spell: Sandblast
  1305 | D:1      | Reached skill level 4 in Spellcasting
  2153 | D:2      | Reached XP level 4. HP: 27/31 MP: 0/0
  2326 | D:2      | Reached XP level 5. HP: 28/35 MP: 0/0
  2326 | D:2      | Learned a level 2 spell: Call Imp
  2599 | D:2      | Reached skill level 5 in Spellcasting
  3310 | D:3      | Noticed Natasha
  3315 | D:3      | Killed Natasha
  3316 | D:3      | Reached XP level 6. HP: 24/40 MP: 0/0
  3386 | D:3      | Noticed Natasha
  3390 | D:3      | Killed Natasha
  3540 | D:3      | Noticed Natasha
  3545 | D:3      | Killed Natasha
  3992 | D:3      | Reached skill level 6 in Spellcasting
  4002 | D:3      | Reached XP level 7. HP: 39/45 MP: 0/0
  4002 | D:3      | Learned a level 3 spell: Call Canine Familiar
  4396 | D:4      | Noticed Blork the orc
  4417 | D:4      | Killed Blork the orc
  5128 | D:5      | Entered Level 5 of the Dungeon
  5128 | D:5      | Found Olukkau's Overcharged Wands.
  5180 | D:5      | Reached skill level 7 in Spellcasting
  5371 | D:5      | Reached XP level 8. HP: 46/50 MP: 0/0
  5385 | D:5      | Found a staircase to the Ecumenical Temple.
  5400 | Temple   | Entered the Ecumenical Temple
  5411 | Temple   | Became a worshipper of Makhleb the Destroyer
  5746 | D:5      | Found a sand-covered staircase.
  5751 | Ossuary  | Entered an ossuary
  5827 | Ossuary  | Reached skill level 8 in Spellcasting
  6346 | D:6      | Reached XP level 9. HP: 54/55 MP: 0/0
  6346 | D:6      | Learned a level 4 spell: Airstrike
  6393 | D:6      | Reached skill level 9 in Spellcasting
  6495 | D:6      | Reached * piety under Makhleb
  8014 | D:7      | Identified the +0 robe "Sotzaext" {Harm}
  8040 | D:7      | Found Tyasah's Weapon Shop.
  8048 | D:7      | Reached skill level 1 in Fighting
  8048 | D:7      | Reached skill level 10 in Spellcasting
  8446 | D:7      | Reached XP level 10. HP: 61/64 MP: 0/0
  8682 | D:7      | Found Qeups's Distillery.
  8688 | D:7      | Bought a potion of invisibility for 96 gold pieces
  8688 | D:7      | Bought a potion of brilliance for 48 gold pieces
  8688 | D:7      | Bought a potion of curing for 36 gold pieces
  8688 | D:7      | Bought a potion of heal wounds for 60 gold pieces
  9060 | D:8      | Identified the ring "Zuidd" {rElec rC+ Str+6 Dex+4}
  9067 | D:8      | Found Pupp's Antique Armour Shoppe.
  9422 | D:8      | Reached ** piety under Makhleb
  9510 | D:8      | Reached skill level 5 in Dodging
  9777 | D:8      | Found Vunuzob's Distillery.
  9785 | D:8      | Bought a potion of heal wounds for 70 gold pieces
  9785 | D:8      | Bought a potion of mutation for 112 gold pieces
  9801 | D:8      | Reached skill level 11 in Spellcasting
 10016 | D:9      | Reached XP level 11. HP: 33/74 MP: 0/0
 10016 | D:9      | Learned a level 4 spell: Summon Lightning Spire
 10018 | D:9      | Reached skill level 5 in Fighting
 10457 | D:9      | Noticed Psyche
 10461 | D:9      | Killed Psyche
 10912 | D:10     | Entered Level 10 of the Dungeon
 10914 | D:10     | Reached *** piety under Makhleb
 10935 | D:10     | Noticed Maurice
 10936 | D:10     | Reached skill level 12 in Spellcasting
 10941 | D:10     | Killed Maurice
 11161 | D:10     | Found a hide-covered altar of Uskayaw.
 11165 | D:10     | Found a broken altar of Ashenzari.
 11261 | D:10     | Noticed Snorg
 11266 | D:10     | Killed Snorg
 11533 | D:10     | Reached XP level 12. HP: 75/84 MP: 0/0
 11881 | D:11     | Reached **** piety under Makhleb
 12043 | D:11     | Found a staircase to the Lair.
 12223 | D:11     | Found a portal to a secret trove of treasure.
 13032 | D:12     | Reached skill level 13 in Spellcasting
 13072 | D:12     | HP: 1/86 [vampire mosquito (10)]
 13072 | D:12     | Mangled by a vampire mosquito

Illustrated notes

Levels and vault maps discovered:
D:1:      heliophobic_arrival_glass_houses, layout_basic,
          ebering_ecumenical_altar_ruins, serial_aquarium,
          aquarium_bridge_island_small [aquarium_subvault_small_water,
          aquarium_subvault_bridge, aquarium_subvault_wall,
          aquarium_subvault_balcony, aquarium_subvault_window],
          aquarium_window_corridor_3, aquarium_window_corner,
          aquarium_window_fake, aquarium_window_fake, aquarium_view_2c,
          aquarium_view_2d, aquarium_pool_S
D:2:      layout_basic, grunt_ministairs_1, minmay_circle_x
D:3:      layout_basic, minmay_fractal_squares_5, uniq_natasha
D:4:      layout_loops_cross, serial_forest, infiniplex_forest_lined_corner,
          infiniplex_forest_3_way, infiniplex_forest_end_2,
          infiniplex_forest_corner_2, infiniplex_forest_lined_room_2,
          infiniplex_forest_zigzag_1, infiniplex_forest_lined_1,
          infiniplex_forest_zigzag_1, lightli_corner_chamber, uniq_blork_the_orc
D:5:      layout_cave_pools, minmay_temple_entry_grid,
          nicolae_ossuary_entry_plus, nicolae_shop_overcharged_wands
D:6:      layout_layer_cave, hangedman_minor_gate_pass
D:7:      layout_basic, serial_shops, nicolae_shop_bloodbath_and_beyond,
          minmay_shop_grid_forest, water_boxes_lemuel
D:8:      layout_loops_cross, serial_shops, nicolae_shop_trees,
          kennysheep_little_box
D:9:      layout_big_octagon, uniq_psyche
D:10:     layout_rooms, grunt_temple_overflow_open, chequers_mini_garden,
          uniq_snorg, uniq_maurice
D:11:     layout_grid_maze, lair_entry_dummy, enter_trove_0
D:12:     minmay_chambers_of_sixes, layout_loops_cross, orc_david_3,
          abandoned_shop
Temple:   nicolae_temple_bog_church

Skill      XL: |  1  2  3  4  5  6  7  8  9 10 11 12 |
---------------+-------------------------------------+-----
Spellcasting   | 4 5 6 7 8 10 11 12 13 | 13.0
Fighting       | 2 4 6 7 |  7.8
Dodging        | 3 5 7 9 |  9.0
Stealth        | |  1.5

Action                   |  1- 3 |  4- 6 |  7- 9 | 10-12 || total
-------------------------+-------+-------+-------+-------++-------
Melee: Staff             |       |       |       |     2 ||     2
 Cast: Magic Dart        |    40 |    72 |    73 |    32 ||   217
       Searing Ray       |     2 |       |       |     3 ||     5
       Sandblast         |    17 |    39 |    30 |    20 ||   106
       Call Canine Famil |       |       |    17 |    17 ||    34
       Call Imp          |       |       |     9 |     3 ||    12
       Fulminant Prism   |       |       |     8 |    28 ||    36
       Dazzling Flash    |       |       |     1 |     3 ||     4
       Airstrike         |       |       |       |    72 ||    72
       Iskenderun's Myst |       |       |       |     8 ||     8
       Summon Lightning  |       |       |       |     8 ||     8
  Use: Scroll            |       |       |    14 |     4 ||    18
 Stab: Distracted        |       |       |       |     1 ||     1
Armor: Robe              |     1 |     1 |     3 |     2 ||     7
Dodge: Dodged            |     4 |     4 |    14 |    21 ||    43
